 Dungeon Crawl Stone Soup version 0.19.0 (webtiles) character file.

3122 TheGoonsmith the Slicer (level 9, -1/48 HPs)
             Began as a Vine Stalker Fighter on Nov 13, 2016.
             Was an Elder of Uskayaw.
             Killed from afar by an electric eel (10 damage)
             ... with a bolt of electricity
             ... on level 7 of the Dungeon.
             The game lasted 00:09:22 (5367 turns).

TheGoonsmith the Slicer (Vine Stalker Fighter)      Turns: 5367, Time: 00:09:23

Health: -1/48      AC: 15    Str: 20    XL:     9   Next: 91%
Magic:  0/10       EV:  5    Int:  8    God:    Uskayaw [****..]
Gold:   131        SH: 12    Dex: 16    Spells: 0 memorised, 8 levels left

rFire  . . .     SeeInvis .     g - +8 dagger (speed)
rCold  . . .     Gourm    .     k - +4 chain mail
rNeg   + . .     Faith    .     c - +1 shield
rPois  .         Spirit   +     B - +0 helmet
rElec  .         Reflect  .     (no cloak)
rCorr  .         Harm     .     (no gloves)
MR     +....                    q - +0 pair of boots
Stlth  ..........               (no amulet)
                                s - ring of positive energy
                                (no ring)

@: no status effects
A: fangs 3, regeneration 1, magic shield, antimagic bite, no device heal 3, rot
immunity
a: Stomp, Line Pass, Renounce Religion


You were on level 7 of the Dungeon.
You worshipped Uskayaw.
Uskayaw was noncommittal.
You were near starving.

You visited 2 branches of the dungeon, and saw 8 of its levels.

You collected 351 gold pieces.
You spent 220 gold pieces at shops.

Inventory:

Hand Weapons
 a - a +0 rapier
 g - a +8 dagger of speed (weapon)
Armour
 b - a +0 scale mail
 c - a +1 shield (worn)
 k - a +4 chain mail (worn)
 q - a +0 pair of boots (worn)
 B - a +0 helmet (worn)
Jewellery
 e - an uncursed ring of protection from magic
 s - a ring of positive energy (right hand)
Wands
 d - a wand of flame (14/48)
 y - a wand of confusion (28/48)
Scrolls
 h - 6 scrolls of teleportation
 i - a scroll of remove curse
 m - 2 scrolls of immolation
 o - 2 scrolls of magic mapping
 r - 2 scrolls of identify
 C - a scroll of enchant weapon
Potions
 j - 2 potions of heal wounds
 l - 5 potions of curing
 p - 5 potions of lignification
 w - 4 potions of magic
 z - a potion of cancellation {unknown}
 A - a potion of mutation {unknown}
Books
 v - a book of Necromancy

   Spells                             Type                      Level
   a - Pain                           Necromancy                   1
   b - Animate Skeleton               Necromancy                   1
   c - Vampiric Draining              Necromancy                   3
   d - Regeneration                   Charms/Necromancy            3
   e - Animate Dead                   Necromancy                   4
   f - Control Undead                 Necromancy                   4
 x - a book of Fire

   Spells                             Type                      Level
   a - Ignite Poison                  Fire/Transmutation/Poison    3
   b - Fireball                       Conjuration/Fire             5
   c - Bolt of Fire                   Conjuration/Fire             6
   d - Delayed Fireball               Conjuration/Fire             7
   e - Ring of Flames                 Charms/Fire                  7
Comestibles
 f - 4 bread rations
 n - 3 meat rations
 t - 3 fruits
 u - a beef jerky


   Skills:
 - Level 5.8 Fighting
 * Level 9.4 Short Blades
 - Level 2.4 Armour
 + Level 6.9 Shields


You had 8 spell levels left.
You didn't know any spells.

Dungeon Overview and Level Annotations

Branches:
Dungeon (7/15)             Temple (1/1) D:5

Altars:
Ashenzari
Cheibriados
Dithmenos
Elyvilon
Fedhas
Hepliaklqana
Kikubaaqudgha
Nemelex Xobeh
Okawaru
Qazlal
Ru
Trog
Uskayaw
Xom
Yredelemnul
The Shining One

Shops:
D:5 [

Annotations:
D:7 1 runed door


Innate Abilities, Weirdness & Mutations

You have razor-sharp teeth.
Your natural rate of healing is unusually fast.
When hurt, damage is shared between your health and your magic reserves.
Your bite disrupts and absorbs the magic of your enemies.
Potions and wands cannot restore your health.
You are immune to rotting.


Message History

The electric eel is severely wounded.
You hit the electric eel. Your bite misses the electric eel.
The electric eel is severely wounded.
The electric eel shoots out a bolt of lightning at you!
The bolt of electricity hits you!
* * * LOW HITPOINT WARNING * * *
Okay, then.
You puncture the electric eel!
You kill the electric eel!
You hear a splash.
Uskayaw will force your foes to share their pain.
You don't have enough magic at the moment.
You hit the electric eel. Your bite misses the electric eel.
The electric eel is moderately wounded.
You have no ailments to cure.
You hit the electric eel.
The electric eel is heavily wounded.
The electric eel shoots out a bolt of lightning at you!
The bolt of electricity hits you!
You die...

#.....#.#.### #######
####..#...# #
###..≈≈≈## #..##### #
#≈..####.#####..# #
#...≈≈##'..##.#.....#
#
#..#####.....#.#####.#
# #.....#.# #.# ###
#P...≈#≈# #.#
..#.....#)P†@≈#≈# #.#
#.#PP..P#.(;!.#≈# #.#
#.#%≈PP.#≈≈.≈≈#≈# #.#
#.#(≈)(≈##≈≈≈##≈# #.#
#.#≈;.≈≈######≈## #.#
#.##;≈≈##≈....## #.#
#####..#####≈######
#.# #......'...≈## #.#
## #.####.######
########.# #.


You could see an electric eel.

Vanquished Creatures
  The ghost of TheGoonsmith the Reanimator, a novice DDNe of Makhleb (D:5)
  Pikel (D:5)
  The ghost of Danakh the Skirmisher, an amateur DsFi (D:4)
  A hungry ghost (D:7)
  Edmund (D:5)
  An orc warrior (D:6)
  A sky beast (D:6)
  2 black bears (D:6)
  An ice beast (D:5)
  2 ogres
  A phantom (D:6)
  3 bullfrogs (D:6)
  2 scorpions
  2 electric eels (D:7)
  A bullfrog zombie (D:7)
  A jelly (D:5)
  2 hounds
  4 orc wizards
  4 iguanas
  Natasha (thrice) (D:2)
  2 worker ants
  A killer bee zombie (D:6)
  A hound zombie (D:5)
  4 gnolls (D:6)
  14 adders
  2 howler monkey skeletons (D:6)
  A shadow imp (D:5)
  3 oozes
  An adder skeleton (D:4)
  5 worms
  A dart slug (D:3)
  4 leopard geckos
  9 orcs
  2 ball pythons
  11 bats
  6 giant cockroaches
  6 goblins
  4 hobgoblins
  9 jackals
  5 kobolds
  6 quokkas
  3 frilled lizards
  A leopard gecko zombie (D:5)
  3 rats
139 creatures vanquished.

Vanquished Creatures (others)
  A human (D:2)
  A crimson imp (D:5)
  An orc priest (D:5)
  2 orcs (D:5)
5 creatures vanquished.

Grand Total: 144 creatures vanquished

Notes
Turn   | Place    | Note
-------+----------+-------------------------------------------
     0 | D:1      | TheGoonsmith the Vine Stalker Fighter began the quest for the Orb.
     0 | D:1      | Reached XP level 1. HP: 11/11 MP: 2/2
    68 | D:1      | Reached skill level 2 in Short Blades
   129 | D:1      | Reached XP level 2. HP: 14/16 MP: 1/3
   275 | D:1      | Reached XP level 3. HP: 16/20 MP: 4/4
   834 | D:2      | Found an ancient bone altar of Kikubaaqudgha.
   955 | D:2      | Noticed a human
   956 | D:2      | Killed a human
  1045 | D:2      | Reached skill level 3 in Short Blades
  1045 | D:2      | Gained mutation: Your natural rate of healing is unusually fast. [Vine Stalker growth]
  1045 | D:2      | Reached XP level 4. HP: 16/24 MP: 5/5
  1168 | D:2      | Noticed Natasha
  1178 | D:2      | Killed Natasha
  1295 | D:2      | Noticed Natasha
  1304 | D:2      | Killed Natasha
  1372 | D:2      | Noticed Natasha
  1385 | D:2      | Killed Natasha
  1385 | D:2      | Reached XP level 5. HP: 24/28 MP: 6/6
  1800 | D:3      | Found a glowing golden altar of the Shining One.
  1849 | D:3      | Reached skill level 4 in Short Blades
  1862 | D:3      | Found a sparkling altar of Nemelex Xobeh.
  2129 | D:3      | Reached XP level 6. HP: 25/32 MP: 4/7
  2187 | D:4      | Found a hazy altar of Hepliaklqana.
  2545 | D:4      | Noticed Danakh's ghost (amateur DsFi)
  2556 | D:4      | Killed Danakh's ghost
  2556 | D:4      | Reached skill level 5 in Short Blades
  2556 | D:4      | Reached XP level 7. HP: 33/37 MP: 8/8
  2965 | D:5      | Entered Level 5 of the Dungeon
  3082 | D:5      | Found a staircase to the Ecumenical Temple.
  3091 | Temple   | Entered the Ecumenical Temple
  3142 | Temple   | Became a worshipper of Uskayaw the Reveler
  3267 | D:5      | Reached * piety under Uskayaw
  3294 | D:5      | Found Wuggioxzyeh's Antique Armour Boutique.
  3382 | D:5      | Noticed TheGoonsmith's ghost (novice DDNe)
  3405 | D:5      | Reached ** piety under Uskayaw
  3415 | D:5      | Reached *** piety under Uskayaw
  3436 | D:5      | Killed TheGoonsmith's ghost
  3436 | D:5      | Reached skill level 5 in Fighting
  3436 | D:5      | Reached skill level 6 in Short Blades
  3436 | D:5      | Reached skill level 5 in Shields
  3436 | D:5      | Gained mutation: You have razor-sharp teeth. [Vine Stalker growth]
  3436 | D:5      | Reached XP level 8. HP: 12/43 MP: 5/9
  3587 | D:5      | Noticed Pikel
  3602 | D:5      | Killed Pikel
  3602 | D:5      | Reached skill level 7 in Short Blades
  3602 | D:5      | Reached XP level 9. HP: 39/47 MP: 10/10
  3864 | D:5      | Noticed Edmund
  3880 | D:5      | Killed Edmund
  3885 | D:5      | Reached skill level 8 in Short Blades
  4162 | D:5      | Bought a runed chain mail for 220 gold pieces
  4279 | D:6      | Reached **** piety under Uskayaw
  4550 | D:6      | Reached ***** piety under Uskayaw
  4744 | D:6      | Found a bloodstained altar of Trog.
  4755 | D:6      | Reached skill level 9 in Short Blades
  5061 | D:7      | Found a runed door.
  5166 | D:7      | Found a shattered altar of Ashenzari.
  5367 | D:7      | Killed from afar by an electric eel

Skill      XL: |  1  2  3  4  5  6  7  8  9 |
---------------+----------------------------+-----
Short Blades   | 2 3 4 5 6 7 9 |  9.4
Fighting       | 3 4 5 |  5.8
Shields        | 3 4 5 6 |  6.9
Armour         | |  2.4

Action                   |  1- 3 |  4- 6 |  7- 9 || total
-------------------------+-------+-------+-------++-------
Melee: Rapier            |    11 |       |       ||    11
       Dagger            |    90 |   219 |   316 ||   625
       Bite              |    27 |    54 |   110 ||   191
Invok: Line Pass         |       |       |     2 ||     2
  Use: Scroll            |       |     3 |    18 ||    21
       Potion            |       |     1 |       ||     1
 Stab: Paralysed         |       |       |     9 ||     9
  Eat: Chunk             |       |     5 |     9 ||    14
Armor: Scale mail        |    39 |    37 |    15 ||    91
       Chain mail        |       |       |    39 ||    39
Dodge: Dodged            |    35 |    28 |    19 ||    82
Block: Shield            |    51 |    61 |    72 ||   184
